 Dungeon Crawl Stone Soup version 0.22.0-13-g43fe8f24b8 (webtiles) character file.

57 PentaManta the Sneak (level 4, 0/36 (37) HPs)
             Began as a Ghoul Assassin on Aug 17, 2018.
             Slain by Natasha (2 damage)
             ... on level 2 of the Dungeon.
             The game lasted 00:05:58 (1678 turns).

PentaManta the Sneak (Ghoul Assassin)               Turns: 1678, Time: 00:05:58

HP:   0/36 (37)     AC:  3    Str: 15    XL:     4   Next: 0%
MP:   3/3           EV: 11    Int:  6    God:
Gold: 59            SH:  0    Dex: 10    Spells: 3/3 levels left

rFire    . . .     SeeInvis .     - Unarmed
rCold    + . .     Gourm    .   (no shield)
rNeg     + + +     Faith    .   c - +0 robe
rPois    ∞         Spirit   .   (no helmet)
rElec    .         Reflect  .   i - +0 cloak
rCorr    .         Harm     .   (no gloves)
MR       .....                  (no boots)
Stlth    +++.......             (no amulet)
HPRegen  0.00/turn              (no ring)
MPRegen  0.08/turn              (no ring)

@: rotting
A: rotting body, claws 1, carnivore, cold resistance 1, negative energy
resistance 3, inhibited regeneration, torment resistance, unbreathing
a: no special abilities


You were on level 2 of the Dungeon.
You were not hungry.

You visited 1 branch of the dungeon, and saw 3 of its levels.

You collected 59 gold pieces.

Inventory:

Missiles
 k - 6 curare-tipped needles
 p - 4 needles of paralysis
 q - 11 poisoned needles
Armour
 c - a +0 robe (worn)
 i - a +0 cloak (worn)
Scrolls
 d - 3 scrolls of random uselessness {unknown}
 f - 2 scrolls of magic mapping {unknown}
 j - 2 scrolls of identify {unknown}
 m - a scroll of enchant weapon {unknown}
 n - 2 scrolls of blinking {unknown}
Potions
 a - a potion of curing {unknown}
 e - a potion of invisibility {unknown}
 h - 3 potions of flight {unknown}
 l - 2 potions of lignification {unknown}
 o - a potion of haste {unknown}
Comestibles
 g - 3 rations


   Skills:
 * Level 2.9 Fighting
   Level 1.7 Short Blades
 - Level 1.7 Throwing
 - Level 0.8 Dodging
 + Level 5.1 Stealth
 + Level 2.2 Unarmed Combat


You had 3 spell levels left.
You didn't know any spells.
Your spell library was empty.

Dungeon Overview and Level Annotations

Branches:
Dungeon (3/15)

Altars:

Annotations:
D:2 Natasha


Innate Abilities, Weirdness & Mutations

Your body is rotting away.
You thrive on raw meat.
You are immune to poison.
You have sharp fingernails.
You are carnivorous and can eat meat at any time.
Your flesh is cold resistant. (rC+)
You are immune to negative energy. (rN+++)
You do not regenerate when monsters are visible.
You are immune to unholy pain and torment.
You can survive without breathing.


Message History

You closely miss Natasha. Natasha claws you.
You closely miss Natasha. Natasha closely misses you.
You scratch Natasha.
Natasha is moderately wounded.
Natasha claws you.
You scratch Natasha but do no damage.
Natasha is moderately wounded.
Natasha stares at you and mumbles some strange words.
The magic dart hits you!
* * * LOW HITPOINT WARNING * * *
You closely miss Natasha.
Natasha is moderately wounded.
Natasha barely misses you.
You barely miss Natasha.
Natasha is moderately wounded.
Natasha casts a spell at you. The magic dart hits you!
* * * LOW HITPOINT WARNING * * *
Natasha claws you.
You die...

....## ##........##.#..#.#
...## #.#########.#.#..# #.##
#.# #..###.## #.# ##+## #.##
##.# #.# ##...## #..###.##
#.## ##.....## #.#.#..# #..##
##.......######.##.#.#
#...####....................#
.......'.......h@.........###
.....###..........###...#.#
.#.#.# ##..<....#.# #.....#
.###.# ##.>...##.# #.###.#
.....# ##...###.# #.# #.#
.##### ##'## #.###.###.# .#
#.# #.........# .#
#########.# #####.##### .#
#.........########.#


You could see Natasha.

Vanquished Creatures
  2 adders (D:2)
  An ooze (D:1)
  2 dart slugs
  2 giant cockroaches
  2 goblins (D:1)
  A hobgoblin (D:1)
  4 jackals
  7 bats
  3 frilled lizards
  4 kobolds
  5 rats
33 creatures vanquished.

Notes
Turn   | Place    | Note
-------+----------+-------------------------------------------
     0 | D:1      | PentaManta the Ghoul Assassin began the quest for the Orb.
     0 | D:1      | Reached XP level 1. HP: 17/17 MP: 0/0
   433 | D:1      | Reached XP level 2. HP: 24/25 MP: 1/1
   547 | D:1      | Reached skill level 1 in Unarmed Combat
   831 | D:2      | Reached XP level 3. HP: 15/29 MP: 2/2
   965 | D:2      | Reached skill level 5 in Stealth
  1638 | D:3      | Noticed Natasha
  1660 | D:3      | Reached XP level 4. HP: 29/36 MP: 3/3
  1678 | D:2      | Slain by Natasha

Skill      XL: |  1  2  3 |
---------------+----------+-----
Unarmed Combat | 1 2 |  2.2
Stealth        | 5 |  5.1
Fighting       | |  2.9
Short Blades   | |  1.7
Throwing       | |  1.7
Dodging        | |  0.8

Action                   |  1- 3 |  4- 6 || total
-------------------------+-------+-------++-------
Melee: Unarmed           |   115 |    10 ||   125
 Stab: Sleeping          |     7 |       ||     7
  Eat: Chunk             |     5 |       ||     5
Armor: Robe              |    42 |     1 ||    43
Dodge: Dodged            |    84 |     5 ||    89
